 Dungeon Sprint DCSS version 0.28.0 (webtiles) character file.

Game seed: 13822176690266077047

3126 boopmooplesden the Fighter (level 9, -6/86 HPs)
             Began as a Minotaur Fighter on Feb 7, 2022.
             Was a Follower of Okawaru.
             Mangled by a tentacle (17 damage)
             ... attached to a kraken
             ... in the Dungeon (Sprint II: "The Violet Keep of Menkaure").
             The game lasted 00:04:09 (1503 turns).

boopmooplesden the Fighter (Minotaur Fighter)       Turns: 1503, Time: 00:04:10

Health: -6/86      AC: 25    Str: 21      XL:     9   Next: 61%
Magic:  8/8        EV:  8    Int:  5      God:    Okawaru [*.....]
Gold:   446        SH:  6    Dex:  5 (7)  Spells: 8/8 levels left

rFire   . . .      SeeInvis .   a - +1 long sword
rCold   + . .      Faith    .   c - +0 buckler
rNeg    . . .      Spirit   .   d - +10 chain mail of Fun and Games {rElec rC+ Dex-5 Slay+6}
rPois   +          Reflect  .   (helmet restricted)
rElec   +          Harm     .   k - +2 cloak {rPois}
rCorr   .          Rampage  .   b - +1 pair of gloves
Will    .....      Rage     1%  (no boots)
Stlth   .......... NoTele   +   (no amulet)
HPRegen 0.24/turn               (no ring)
MPRegen 0.11/turn               (no ring)

@: unable to read, very slow
A: horns 2, retaliatory headbutt, talons 1, berserk 1, clumsy 1, deformed body,
deterioration 2, frail 1, subdued magic 1, inability to read while threatened
a: Renounce Religion, Heroism


You were in the Dungeon.
You worshipped Okawaru.
Okawaru was aware of your devotion.
You visited 1 branch You collected 926 gold pieces.
You spent 480 gold pieces at shops.

Inventory:

Hand Weapons
 a - a +1 long sword (weapon)
Armour
 b - a +1 pair of gloves (worn)
 c - a +0 buckler (worn)
 d - the +10 chain mail of Fun and Games (worn) {rElec rC+ Dex-5 Slay+6}
   (You bought it in a shop in the Dungeon)

   Dex:       It affects your dexterity (-5).
   Slay:      It affects your accuracy & damage with ranged weapons and melee
   (+6).
   rC:        It protects you from cold.
   rElec:     It insulates you from electricity.
 k - a +2 cloak of poison resistance (worn)
 u - +0 swamp dragon scales
Jewellery
 l - a ring of see invisible
 p - an amulet of guardian spirit
 z - a ring of fire
Scrolls
 j - 2 scrolls of blinking
 m - a scroll of silence
 s - a scroll of magic mapping
Potions
 e - 2 potions of curing
 f - a potion of heal wounds
 g - a potion of haste
 h - 5 potions of magic
 i - 4 potions of flight
 q - 2 potions of attraction {unknown}
 t - 3 potions of resistance


   Skills:
 + Level 14.3 Fighting
 + Level 13.0 Long Blades
 + Level 13.9 Armour
 + Level 2.5 Dodging
 + Level 0.1 Stealth
 + Level 13.3 Shields


You had 8 spell levels left.
You didn't know any spells.
Your spell library contained the following spells:

 Spells                   Type           Power      Damage    Failure   Level
 Magic Dart               Conj           0%         1d3       96%         1
 Searing Ray              Conj           0%         2d4       99%         2
 Ignite Poison            Fire/Tmut/Pois 0%         N/A       100%        3
 Mephitic Cloud           Conj/Pois/Air  0%         N/A       100%        3
 Fulminant Prism          Conj/Hex       0%         3d6       100%        4
 Freezing Cloud           Conj/Ice/Air   0%         6-21      100%        5


Dungeon Overview and Level Annotations

Branches:
Dungeon (1/1)

Altars:
Cheibriados
Dithmenos
Elyvilon
Fedhas
Gozag
Hepliaklqana
Kikubaaqudgha
Makhleb
Nemelex Xobeh
Okawaru
Qazlal
Ru
Sif Muna
Trog
Uskayaw
Vehumet
Wu Jian
Xom
Yredelemnul
Zin
The Shining One
Beogh
Jiyva
Lugonu

Shops:
D ::==!=(?:![![[[

Annotations:
D exclusions: obsidian statue, oklob plant and orange crystal statue


Innate Abilities, Weirdness & Mutations

You have a pair of horns on your head.
You reflexively headbutt those who attack you in melee.
You have sharp toenails.
You tend to lose your temper in combat.
You are clumsy. (Dex -2)
Armour fits poorly on your strangely shaped body.
Your body often deteriorates upon taking damage.
You are frail. (-10% HP)
Your spells are a little easier to cast, but a little less powerful.
You sometimes lose the ability to read scrolls when taking damage.


Message History

You headbutt the tentacle!
The tentacle is heavily wounded.
The tentacle slaps you but does no damage. x2
Your unstable footing causes you to fumble your attack.
The tentacle barely misses you.
Your unstable footing causes you to fumble your attack.
The tentacle slaps you but does no damage.
A tentacle rises from the water!
Your unstable footing causes you to fumble your attack.
The tentacle slaps you!
You feel threatened and lose the ability to read scrolls!
You hit the tentacle. You claw the tentacle! You headbutt the tentacle!
You kill the tentacle!
You slice the tentacle!! Your kick misses the tentacle.
You headbutt the tentacle!
The tentacle is severely wounded.
The tentacle barely misses you. You furiously retaliate!
You headbutt the tentacle!
You kill the tentacle!
You can read scrolls again.
The tentacle slaps you!
You feel threatened and lose the ability to read scrolls!
Tentacles burst out of the water!
The tentacle closely misses you.
The kraken squirts a massive cloud of ink into the water!
The tentacle barely misses you.
You can read scrolls again.
The tentacle barely misses you. The tentacle slaps you!
You feel threatened and lose the ability to read scrolls!
* * * LOW HITPOINT WARNING * * *
Your body deteriorates!
You feel clumsy.
The kraken squirts a massive cloud of ink into the water!
A tentacle segment comes into view.
You enter the shallow water.
Moving in this stuff is going to be slow.
The tentacle slaps you!
* * * LOW HITPOINT WARNING * * *
The tentacle slaps you but does no damage.
The tentacle slaps you but does no damage.
The tentacle slaps you!
You die...

,****^*,,#:○▓[(....(.▓▓,⌠,*,*,+≈,
**,,+.##.#=[▓...)...)▓▓,,,*,*,+≈,
,*,,*...####▓[)[(.[).▓▓,,,*,*,+≈,
.##**#^.#*.#▓()(..)).▓▓,,,*,*,+≈,
..#,,+..#,.#▓.....)..▓▓,,,*,*,+≈,
.§#,,#^.#,.#▓)....[[)▓▓,⌠,*,*,*≈,
..####..##.#▓().)....▓▓,,,*,*,*≈,
....###...##▓▓▓▓▓▓▓Λ▓▓▓▓+▓*,***≈,
......≈≈≈)≈≈≈≈§§@w§...Xw≈▓,,,,,,,
≈.....≈#'########'###.ww≈▓,,,,,,,
≈≈≈§..≈#_._._...#§§§##§§≈▓,,,,,,*
≈≈≈≈≈.≈#._._._._#§§§≈####▓****≈**
§§≈≈≈≈§#_._._._.#§§§≈≈#*,,*,,*≈*
≈≈§≈≈≈≈#._._._._#§≈≈≈≈≈#,,*,,*≈*
≈≈≈≈≈§≈#.._._._.#§§§§≈≈+,,+,,*≈*
§≈###≈≈#..._._._#§≈§§§≈#,,*,,*≈*
§≈#,#§≈#...._._.*≈≈≈≈≈≈*,,*,,*≈*


You could see a tentacle.

Vanquished Creatures
  A merfolk siren (D)
  A yaktaur (D)
  3 polar bears (D)
  A blink frog (D)
  A hornet (D)
  A wyvern (D)
  4 neqoxecs (D)
  Menkaure (D)
  4 water moccasins (D)
  4 necrophages (D)
  5 tentacles (D)
26 creatures vanquished.

Vanquished Creatures (others)
  8 tentacles (D)
8 creatures vanquished.

Grand Total: 34 creatures vanquished

Notes
Turn   | Place    | Note
-------+----------+-------------------------------------------
     0 | D        | boopmooplesden the Minotaur Fighter began the quest for the
                  | Orb.
     0 | D        | Reached XP level 1. HP: 19/19 MP: 0/0
     1 | D        | Noticed a boulder beetle
     1 | D        | Noticed a boulder beetle
     4 | D        | Noticed a merfolk siren
    11 | D        | Killed a merfolk siren
    12 | D        | Reached skill level 9 in Fighting
    12 | D        | Reached XP level 2. HP: 28/37 MP: 1/1
    12 | D        | Reached XP level 3. HP: 34/44 MP: 2/2
    12 | D        | Reached XP level 4. HP: 39/50 MP: 3/3
    12 | D        | Reached XP level 5. HP: 44/57 MP: 4/4
    12 | D        | Reached XP level 6. HP: 49/64 MP: 5/5
    53 | D        | Noticed a neqoxec
    53 | D        | Noticed a neqoxec
    57 | D        | Gained mutation: Your body sometimes deteriorates upon
                  | taking damage. [a neqoxec]
    60 | D        | Gained mutation: Your body often deteriorates upon taking
                  | damage. [a neqoxec]
    63 | D        | Gained mutation: Armour fits poorly on your strangely
                  | shaped body. [a neqoxec]
    64 | D        | Gained mutation: You sometimes lose the ability to read
                  | scrolls when taking damage. [a neqoxec]
    66 | D        | Killed a neqoxec
    67 | D        | Reached skill level 10 in Fighting
    67 | D        | Reached skill level 10 in Armour
    67 | D        | Reached skill level 10 in Shields
    70 | D        | Gained mutation: You are clumsy. (Dex -2) [a neqoxec]
    75 | D        | Gained mutation: You tend to lose your temper in combat. [a
                  | neqoxec]
    76 | D        | Gained mutation: You are frail. (-10% HP) [a neqoxec]
    77 | D        | Killed a neqoxec
    78 | D        | Reached XP level 7. HP: 38/65 MP: 6/6
    79 | D        | Noticed a neqoxec
    83 | D        | Gained mutation: You have sharp toenails. [a neqoxec]
    87 | D        | Killed a neqoxec
    88 | D        | Reached skill level 11 in Fighting
    89 | D        | Noticed an orange crystal statue
   203 | D        | Noticed a neqoxec
   204 | D        | Gained mutation: Your spells are a little easier to cast,
                  | but a little less powerful. [a neqoxec]
   210 | D        | Killed a neqoxec
   238 | D        | Reached skill level 12 in Fighting
   238 | D        | Reached XP level 8. HP: 72/74 MP: 7/7
   251 | D        | Found Sautig's Antique Armour Emporium.
   251 | D        | Found Pekhet's Armour Emporium.
   251 | D        | Found Deli's Distillery.
   251 | D        | Found Zunu's Antique Armour Shoppe.
   251 | D        | Found Aruimis's Armour Emporium.
   255 | D        | Found Leduz's Book Shoppe.
   255 | D        | Found Sadot's Magic Scroll Emporium.
   255 | D        | Found Tias's Antique Weapon Shoppe.
   256 | D        | Found Retyzeett's Jewellery Shoppe.
   256 | D        | Found Gudghyabri's Distillery.
   256 | D        | Found Leruuqoq's Distillery.
   256 | D        | Noticed Menkaure
   256 | D        | Noticed a slime creature
   256 | D        | Noticed a slime creature
   274 | D        | Killed Menkaure
   276 | D        | Found Perenaf's Jewellery Shoppe.
   276 | D        | Found Liso's Jewellery Emporium.
   276 | D        | Noticed a slime creature
   276 | D        | Noticed an oklob plant
   281 | D        | Noticed a blink frog
   306 | D        | Killed a blink frog
   307 | D        | Reached skill level 10 in Long Blades
   318 | D        | Found Qum Geff's Book Shoppe.
   318 | D        | Found Rerchas's Book Shoppe.
   319 | D        | Noticed a fire dragon
   529 | D        | Bought a dazzling chain mail for 142 gold pieces
   529 | D        | Identified the +10 chain mail of Fun and Games {rElec rC+
                  | Dex-5 Slay+6} (You bought it in a shop in the Dungeon)
   546 | D        | Bought a +2 cloak of poison resistance for 203 gold pieces
   556 | D        | Bought a pair of gloves for 135 gold pieces
   587 | D        | Noticed an obsidian statue
   596 | D        | Found an opulent altar of Gozag.
   596 | D        | Found an iron altar of Okawaru.
   597 | D        | Found a sparkling altar of Nemelex Xobeh.
   597 | D        | Found a blossoming altar of Fedhas.
   598 | D        | Found a radiant altar of Vehumet.
   598 | D        | Found a burning altar of Makhleb.
   598 | D        | Found a white marble altar of Elyvilon.
   599 | D        | Found a hide-covered altar of Uskayaw.
   599 | D        | Found a corrupted altar of Lugonu.
   599 | D        | Found a shadowy altar of Dithmenos.
   600 | D        | Found a glowing silver altar of Zin.
   600 | D        | Found a bloodstained altar of Trog.
   600 | D        | Found an ancient bone altar of Kikubaaqudgha.
   600 | D        | Found a snail-covered altar of Cheibriados.
   601 | D        | Found a basalt altar of Yredelemnul.
   601 | D        | Found a shimmering blue altar of Sif Muna.
   601 | D        | Found a viscous altar of Jiyva.
   602 | D        | Found a shimmering altar of Xom.
   602 | D        | Found a sacrificial altar of Ru.
   603 | D        | Noticed a polar bear
   604 | D        | Found a glowing golden altar of the Shining One.
   604 | D        | Found an ornate altar of the Wu Jian Council.
   604 | D        | Found a stormy altar of Qazlal.
   604 | D        | Found a hazy altar of Hepliaklqana.
   604 | D        | Noticed a polar bear
   604 | D        | Noticed a polar bear
   605 | D        | Noticed a yaktaur
   605 | D        | Noticed a hornet
   607 | D        | Became a worshipper of Warmaster Okawaru
   611 | D        | Killed a hornet
   612 | D        | Reached skill level 13 in Fighting
   612 | D        | Reached skill level 1 in Dodging
   614 | D        | Killed a polar bear
   615 | D        | Reached XP level 9. HP: 83/83 MP: 8/8
   619 | D        | Killed a yaktaur
   619 | D        | Reached * piety under Okawaru
   621 | D        | Killed a polar bear
   623 | D        | Killed a polar bear
   624 | D        | Reached skill level 14 in Fighting
   695 | D        | Noticed a kraken
  1503 | D        | Mangled by a tentacle

Illustrated notes

Levels and vault maps discovered:
D:        the_violet_keep_of_menkaure [sprint2_stairs_cluster_1,
          sprint2_shoproom, sprint2_temple, sprint2_basic_supplies,
          sprint2_obstacle_3, sprint2_obstacle_7, sprint2_obstacle_4,
          sprint2_obstacle_6, sprint2_obstacle_1, sprint2_timed_cluster_1,
          sprint2_smallroom_cluster_1, sprint2_smallroom_final_cluster_1,
          sprint2_transparent_cluster_1, sprint2_second_timed_cluster_1,
          sprint2_sniper_area_1, sprint2_heavy_combat_area_1,
          sprint2_mutation_trap_area_1, sprint2_forest_area_1,
          sprint2_light_combat_area_1, sprint2_behind_water_1,
          sprint2_near_end_vault_1]

Skill      XL: |  1  2  3  4  5  6  7  8  9 |
---------------+----------------------------+-----
Fighting       | 9 10 12 13 14 | 14.3
Long Blades    | 6 7 8 11 13 | 13.0
Armour         | 9 10 11 13 | 13.9
Shields        | 9 10 11 12 13 | 13.3
Dodging        | 1 2 |  2.5
Stealth        | |  0.1

Action                   |  1- 3 |  4- 6 |  7- 9 || total
-------------------------+-------+-------+-------++-------
Melee: Long sword        |     5 |    23 |   107 ||   135
       Headbutt          |     1 |     7 |    18 ||    26
       Kick              |       |       |    21 ||    21
Invok: Heroism           |       |       |     1 ||     1
  Use: Potion            |     1 |       |     1 ||     2
       Scroll            |       |       |    10 ||    10
Armor: Scale mail        |       |     3 |     6 ||     9
       Chain mail        |       |       |    41 ||    41
Dodge: Dodged            |       |     3 |    44 ||    47
Block: Buckler           |       |     2 |    31 ||    33
